 Dungeon Crawl Stone Soup version 0.30-a0-808-g6e0788376e (webtiles) character file.

Game seed: 8082136371721195992

3759 cforsyth the Covert (level 10, -1/64 HPs)
             Began as a Kobold Brigand on Feb 26, 2023.
             Was an Initiate of Hepliaklqana.
             Slain by a yak (16 damage)
             ... on level 9 of the Dungeon.
             The game lasted 00:11:37 (10824 turns).

cforsyth the Covert (Kobold Brigand)               Turns: 10824, Time: 00:11:38

Health: -1/64      AC:  5    Str:  9    XL:     10   Next: 37%
Magic:  10/10      EV: 21    Int: 12    God:    Hepliaklqana [......]
Gold:   498        SH:  0    Dex: 21    Spells: 9/9 levels left

rFire   . . .      SeeInvis .    y - +1 short sword (venom)
rCold   . . .      Faith    .    (no shield)
rNeg    . . .      Spirit   .    b - +0 robe
rPois   .          Reflect  .    H - +0 helmet
rElec   .          Harm     .    c - +0 cloak
rCorr   .          Rampage  .    G - +0 pair of gloves
Will    .....                    (no boots)
Stlth   ++++++                   (no amulet)
HPRegen 0.30/turn                (no ring)
MPRegen 0.12/turn                (no ring)

@: about to teleport
A: small, no large weapons, nightstalker 3
a: Renounce Religion


You were on level 9 of the Dungeon.
You worshipped Hepliaklqana.
Hepliaklqana was noncommittal.
You visited 2 branches of the dungeon, and saw 10 of its levels.

You collected 498 gold pieces.

Inventory:

Hand Weapons
 a - a +2 dagger
 p - a +2 dagger of draining
 y - a +1 short sword of venom (weapon)
Missiles
 d - 15 poisoned darts (quivered)
 e - 3 curare-tipped darts
 I - 2 throwing nets
Armour
 b - a +0 robe (worn)
 c - a +0 cloak (worn)
 G - a +0 pair of gloves (worn)
 H - a +0 helmet (worn)
Jewellery
 j - a ring of magical power
 v - a ring of protection from fire
 A - a ring of wizardry
 C - a +4 ring of protection
 E - a ring of protection from cold
Wands
 s - a wand of mindburst (1)
 w - a wand of iceblast (6)
Scrolls
 f - 3 scrolls of poison
 g - 15 scrolls of identify {unknown}
 i - 2 scrolls of magic mapping {unknown}
 l - 2 scrolls of fear {unknown}
 m - 2 scrolls of teleportation
 o - 3 scrolls of blinking {unknown}
 q - 5 scrolls of immolation {unknown}
 r - a scroll of butterflies {unknown}
 u - 3 scrolls of silence {unknown}
 B - a scroll of brand weapon {unknown}
Potions
 k - 5 potions of curing {unknown}
 n - 2 potions of attraction {unknown}
 t - a potion of might {unknown}
 x - 2 potions of resistance {unknown}
 z - 2 potions of mutation {unknown}
 D - 2 potions of flight {unknown}
 F - a potion of brilliance {unknown}
 J - 2 potions of magic {unknown}


   Skills:
 + Level 8.2 Fighting
 + Level 9.7 Short Blades
 - Level 2.1 Throwing
 + Level 8.6 Dodging
 + Level 11.4 Stealth


You had 9 spell levels left.
You didn't know any spells.
Your spell library contained the following spells:

 Spells                   Type           Power      Damage    Failure   Level
 Necrotise                Necr           0%         1d4       32%         1
 Sandblast                Erth           0%         2d4       32%         1
 Blink                    Tloc           0%         N/A       45%         2
 Lesser Beckoning         Tloc           0%         N/A       45%         2
 Momentum Strike          Conj/Tloc      0%         3d8       45%         2
 Passwall                 Tmut/Erth      0%         N/A       45%         2
 Portal Projectile        Hex/Tloc       0%         N/A       69%         3
 Stone Arrow              Conj/Erth      0%         3d7       69%         3
 Tukima's Dance           Hex            0%         N/A       69%         3
 Vampiric Draining        Necr           0%         2d6       69%         3
 Agony                    Necr           0%         N/A       100%        5
 Blade Hands              Tmut           0%         N/A       100%        5


Dungeon Overview and Level Annotations

Branches:
Dungeon (9/15)             Temple (1/1) D:7
   Lair: D:8-11         Orc: D:9-12

Altars:
Ashenzari
Cheibriados
Dithmenos
Elyvilon
Fedhas
Gozag
Hepliaklqana
Makhleb
Nemelex Xobeh
Qazlal
Ru
Trog
Vehumet
Xom
Yredelemnul
Zin
The Shining One

Annotations:
D:9 3 runed translucent doors, Psyche; Valamore's ghost, journeyman MiBe


Innate Abilities, Weirdness & Mutations

You are small and have problems with some larger weapons.
You are completely attuned to the shadows.


Message History

The yak attacks as you move away! The yak misses you.
You hit the yak but do no damage.
The yak is poisoned.
You hit the yak.
The yak is poisoned.
The yak is lightly wounded.
You hit the yak but do no damage.
The yak looks as sick as possible!
The yak is lightly wounded.
You barely miss the yak.
The yak is lightly wounded.
You hit the yak.
The yak looks as sick as possible!
The yak is lightly wounded.
The yak gores you!
You hit the yak.
The yak is moderately wounded.
You barely miss the yak.
The yak is moderately wounded.
The yak gores you!
You hit the yak but do no damage.
The yak is moderately wounded.
You barely miss the yak.
The yak is moderately wounded.
The yak barely misses you. The yak attacks as you move away!
The yak completely misses you.
Psyche the Insane Magess comes into view.
She is wielding a +3 dagger of distortion.
There is an open door here.
The air fills with toxic fumes!
As you read the scroll labelled FUR VELIUCSUIQ, it crumbles to dust.
It was a scroll of poison.
The yak gores you!
As you read the scroll labelled GOLAGY BODAEQORPH, it crumbles to dust.
You feel strangely unstable.
It was a scroll of teleportation.
The yak is engulfed in poison gas.
The yak looks even sicker.
The yak gores you!
* * * LOW HITPOINT WARNING * * *
Unknown command.
You hit the yak but do no damage.
The yak looks as sick as possible!
The yak is severely wounded.
Unknown command.
You hit the yak.
The yak is severely wounded.
The yak gores you!
You die...

### ######'#### #####+ #.#
##.# #..# ####'###
#..§§§§# ###+### #..§§§§#
#...... ########
#..§§§§####......
.......###..§§§§@Y##......
######...'..§§§§#§Y#.)..o.
#####..§§§§##Y§§.....
###########§..... #......
#######


You could see 3 yaks.

Vanquished Creatures
  A two-headed ogre (D:8)
  Grinder (D:4)
  3 steam dragons
  A water moccasin (D:8)
  2 orc warriors
  An ice beast (D:7)
  2 sky beasts (D:6)
  A black bear (D:6)
  3 ogres
  2 centaurs (D:8)
  2 phantoms
  A necrophage (D:7)
  A scorpion (D:4)
  3 bullfrogs
  A gnoll sergeant (D:8)
  2 howler monkeys
  An iron imp (D:9)
  3 hounds
  2 jellies
  4 orc priests
  6 iguanas
  5 orc wizards
  Robin (D:2)
  7 adders
  8 gnolls
  A shadow imp (D:6)
  2 white imps
  An ufetubus (D:7)
  5 worms
  A dart slug (D:2)
  23 orcs
  2 bats
  12 endoplasms
  3 giant cockroaches
  17 goblins
  7 hobgoblins
  3 jackals (D:2)
  8 kobolds
  7 quokkas
  9 ball pythons
  5 frilled lizards
  3 rats
173 creatures vanquished.

Vanquished Creatures (others)
  An orc wizard (D:7)
1 creature vanquished.

Grand Total: 174 creatures vanquished

Notes
Turn   | Place    | Note
-------+----------+-------------------------------------------
     0 | D:1      | cforsyth the Kobold Brigand began the quest for the Orb.
     0 | D:1      | Reached XP level 1. HP: 12/12 MP: 1/1
     5 | D:1      | Noticed an electric eel
   109 | D:1      | Reached XP level 2. HP: 18/18 MP: 2/2
   293 | D:1      | Reached XP level 3. HP: 22/22 MP: 3/3
   960 | D:2      | Noticed Robin
  1016 | D:1      | Reached XP level 4. HP: 16/26 MP: 4/4
  1455 | D:2      | Reached skill level 6 in Stealth
  1479 | D:2      | Killed Robin
  1627 | D:2      | Reached XP level 5. HP: 32/32 MP: 5/5
  1637 | D:2      | Found a white marble altar of Elyvilon.
  2309 | D:3      | You fall into a shaft and drop 3 floors!
  2352 | D:6      | Found a glowing golden altar of the Shining One.
  2395 | D:6      | Noticed a phantom
  2504 | D:5      | Entered Level 5 of the Dungeon
  2566 | D:5      | Reached XP level 6. HP: 38/38 MP: 6/6
  3061 | D:5      | Reached skill level 7 in Stealth
  3405 | D:5      | Noticed an ogre
  3445 | D:4      | Reached skill level 5 in Short Blades
  3445 | D:4      | Reached XP level 7. HP: 17/43 MP: 7/7
  5146 | D:4      | Found a sacrificial altar of Ru.
  5339 | D:4      | Found a basalt altar of Yredelemnul.
  5367 | D:4      | Noticed Grinder
  5370 | D:4      | Paralysed by Grinder for 5 turns
  5392 | D:4      | Killed Grinder
  5393 | D:4      | Reached skill level 5 in Fighting
  5393 | D:4      | Reached skill level 5 in Dodging
  5393 | D:4      | Reached skill level 8 in Stealth
  5393 | D:4      | Reached XP level 8. HP: 22/49 MP: 8/8
  5490 | D:4      | Found a white marble altar of Elyvilon.
  5972 | D:5      | Found a blossoming altar of Fedhas.
  6575 | D:6      | Identified the +6 sling "Xyocwiho" {freeze, Str+3}
  6983 | D:6      | Reached skill level 9 in Stealth
  6987 | D:6      | Reached XP level 9. HP: 55/55 MP: 9/9
  7443 | D:7      | Found a staircase to the Ecumenical Temple.
  7608 | D:7      | Reached skill level 10 in Stealth
  9231 | D:8      | Reached XP level 10. HP: 12/63 MP: 10/10
  9330 | D:8      | Noticed a two-headed ogre
  9401 | Temple   | Entered the Ecumenical Temple
  9480 | Temple   | Became a worshipper of Hepliaklqana the Forgotten
  9574 | D:8      | Killed a two-headed ogre
  9575 | D:8      | Reached skill level 11 in Stealth
 10679 | D:9      | Found a runed translucent gate.
 10680 | D:9      | Found a runed translucent gate.
 10681 | D:9      | Found a runed translucent gate.
 10711 | D:9      | Found a snail-covered altar of Cheibriados.
 10756 | D:9      | Noticed Valamore's ghost (journeyman MiBe)
 10820 | D:9      | Noticed Psyche
 10824 | D:9      | Slain by a yak

Illustrated notes

Levels and vault maps discovered:
D:1:      arrival_aquarium_a, layout_rooms
D:2:      layout_loops_ring, basic_altar, minmay_tetromino_i4, uniq_robin
D:3:      layout_basic, shapermc_ecumenical_altar_petra, bh_walls_and_bars
D:4:      layout_basic, general_overflow_altar, mainiacjoe_overflow_big_doors,
          uniq_grinder
D:5:      layout_gridville, mainiacjoe_overflow_alcove_2, minmay_misc_feat_cross
D:6:      layout_basic, mainiacjoe_overflow_paths
D:7:      layout_loops_cross, minmay_temple_entry_arrows
D:8:      layout_loops_cross
D:9:      layout_roguey, slow_altar_2, biasface_ghost_orc_armoury, uniq_psyche
Temple:   zaba_magenta_temple

Skill      XL: |  1  2  3  4  5  6  7  8  9 10 |
---------------+-------------------------------+-----
Short Blades   | 3 4 5 6 7 8 9 |  9.7
Dodging        | 2 3 4 5 6 7 8 |  8.6
Fighting       | 3 4 5 6 7 8 |  8.2
Stealth        | 6 7 8 9 10 11 | 11.4
Throwing       | |  2.1

Action                     |  1- 3 |  4- 6 |  7- 9 | 10-12 || total
---------------------------+-------+-------+-------+-------++-------
  Melee: Dagger            |   112 |   182 |    16 |       ||   310
         Punch             |     2 |       |     2 |       ||     4
         Short sword       |       |       |   219 |    96 ||   315
  Evoke: Wand              |       |       |     4 |     7 ||    11
    Use: Potion            |       |     1 |     3 |     1 ||     5
         Scroll            |       |       |       |     2 ||     2
   Stab: Sleeping          |    16 |    16 |    36 |     5 ||    73
         Distracted        |       |     1 |     1 |       ||     2
 Armour: Robe              |    18 |    24 |    12 |     7 ||    61
  Dodge: Dodged            |    66 |   108 |   117 |    58 ||   349

Table legend: (Time is in decaauts)
 A = Elapsed time spent in this place.
 B = Non-inter-level travel time spent in this place.
 C = Inter-level travel time spent in this place.
 D = Time resting spent in this place.
 E = Time spent auto-exploring this place.
 F = Levels seen in this place.
 G = Mean time per level.
                   A        B        C        D        E       F      G
               +--------+--------+--------+--------+--------+-----+--------+
         Total |  10647 |   9954 |    693 |   1803 |   6735 |  10 | 1064.7 |
       Dungeon |  10550 |   9875 |    675 |   1803 |   6686 |   9 | 1172.2 |
        Temple |     96 |     79 |     17 |      0 |     49 |   1 |   96.0 |
               +--------+--------+--------+--------+--------+-----+--------+

Top non-repeatable levels by time:
     D:7: 1590 daAuts
     D:4: 1504 daAuts
     D:5: 1411 daAuts
     D:8: 1290 daAuts
     D:3: 1174 daAuts
     D:2: 1097 daAuts
     D:6: 1040 daAuts
     D:1: 970 daAuts
     D:9: 471 daAuts
  Temple: 96 daAuts
